 Dungeon Crawl Stone Soup version 0.13-a0-2350-g4422b0a (webtiles) character file.

195 Grabo the Agent of Entropy (level 3, -7/28 HPs)
             Began as a Demonspawn Abyssal Knight on July 11, 2013.
             Was a Priest of Lugonu.
             Killed by divine providence
             ... invoked by an orc priest
              (15 damage)
             ... on Level 3 of the Dungeon.
             The game lasted 00:04:40 (2147 turns).

Grabo the Agent of Entropy (DsAK)                   Turns: 2147, Time: 00:04:41

HP  -7/28        AC  9     Str 12      XL: 3   Next: 73%
MP  13/13        EV  5     Int 13      God: Lugonu [***...]
Gold 138         SH  0     Dex 13      Spells:  0 memorised,  2 levels left

Res.Fire  : . . .   See Invis. : .   a - +2 mace
Res.Cold  : . . .   Warding    : .   n - +0 elf chain mail (curse)
Life Prot.: . . .   Conserve   : .   (no shield)
Res.Poison: .       Res.Corr.  : .   (no helmet)
Res.Elec. : .       Clarity    : .   (no cloak)
Sust.Abil.: . .     Spirit.Shd : .   d - +0 pair of gauntlets
Res.Mut.  : .       Stasis     : .   (no boots)
Res.Rott. : .       Flight     : .   (no amulet)
Saprovore : . . .                    (no ring)
                                     p - ring of magical power

@: not resistant to hostile enchantments, extremely unstealthy
A: hooves 1
a: Depart the Abyss, Bend Space, Banish, Renounce Religion


You were on level 3 of the Dungeon.
You worshipped Lugonu.
Lugonu was greatly pleased with you.
You were not hungry.

You visited 1 branch of the dungeon, and saw 3 of its levels.
You visited the Abyss 1 time.

You collected 118 gold pieces.

Inventory:

Hand weapons
 a - a +2,+2 mace (weapon)
 b - a +0,+0 sling
Missiles
 u - 28 sling bullets (quivered)
Armour
 d - a +0 pair of gauntlets (worn)
 n - a cursed +0 elven chain mail (worn)
Magical devices
 m - a wand of frost (15) {unknown}
Comestibles
 c - a bread ration
 k - an apple
 l - a pear
 s - a choko
Scrolls
 e - 2 scrolls of curse weapon {unknown}
 g - 2 scrolls of identify {unknown}
 i - a scroll of enchant armour {unknown}
 o - a scroll of teleportation {unknown}
 q - 2 scrolls of fog {unknown}
 r - 2 scrolls of remove curse {unknown}
Jewellery
 p - a ring of magical power (left hand)
Potions
 h - 3 potions of heal wounds {unknown}
 j - a potion of degeneration {unknown}
 t - a potion of curing {unknown}


   Skills:
 - Level 3.2 Fighting
 + Level 2.2 Maces & Flails
 - Level 2.2 Armour
 - Level 1.8 Dodging
 + Level 3.3 Invocations


You had 2 spell levels left.
You didn't know any spells.

Dungeon Overview and Level Annotations

Branches:
Dungeon (3/27)

Altars:


Innate Abilities, Weirdness & Mutations

You have large cloven feet.


Message History

You closely miss the orc.
The orc wizard shouts!
The orc hits you but does no damage.
An orc priest comes into view.
You closely miss the orc. You kick the orc.
The orc is moderately wounded.
The orc hits you but does no damage.
The orc priest prays to Beogh.
You feel troubled.
The orc priest calls down the wrath of Beogh upon you.
Something smites you!
Ouch! That really hurt!
The orc hits you.
* * * LOW HITPOINT WARNING * * *
The orc wizard becomes somewhat translucent.
The orc priest becomes somewhat translucent.
The orc priest mumbles some strange prayers to Beogh against you.
Something smites you!
Ouch! That really hurt!
You die...

#....# #....######
#.......... ###..........
#............
#.########............
#.....................
...#############....########
...oo..ooo.@............>#
..o###################.#.#
#.#.# #.#.# #.#.# ### #.#.#
..# #.#.# #.# #.#.# #.#
#.#(#


You could see an orc priest, an orc wizard and 3 orcs.

Vanquished Creatures
  An adder (D:2)
  A worm (D:2)
  A giant gecko (D:2)
  2 oozes
  3 giant cockroaches (D:2)
  3 hobgoblins
  4 quokkas (D:2)
  2 ball pythons (D:3)
  10 bats
  2 giant newts
  2 goblins
  3 kobolds (D:1)
  5 rats
39 creatures vanquished.

Vanquished Creatures (others)
  A giant newt (D:2)
1 creature vanquished.

Grand Total: 40 creatures vanquished

Notes
Turn   | Place    | Note
--------------------------------------------------------------
     0 | Abyss:1  | Grabo, the Demonspawn Abyssal Knight, began the quest for the Orb.
     0 | Abyss:1  | Reached XP level 1. HP: 16/16 MP: 1/1
    18 | Abyss:1  | Noticed an ancient zyme
    25 | D:1      | Escaped the Abyss
   340 | D:1      | Reached skill level 1 in Dodging
   706 | D:1      | Gained mutation: You have large cloven feet. [demonic ancestry]
   706 | D:1      | Reached XP level 2. HP: 22/22 MP: 2/2
  1120 | D:2      | Acquired Lugonu's second power
  1500 | D:2      | Reached XP level 3. HP: 14/28 MP: 4/4
  2103 | D:3      | Acquired Lugonu's third power
  2147 | D:3      | Killed from afar by an orc priest

Action                   || total
-------------------------++-------
Melee: Mace              ||   108
 Fire: Sling             ||    17
